 Dungeon Sprint DCSS version 0.31-a0-1071-gaead2f62b1 (webtiles) character file.

Game seed: 419306092883848148

14 rocky1 the Trooper (level 2, -3/32 HPs)
             Began as an Ogre Gladiator on Nov 26, 2023.
             Was an Initiate of Gozag.
             Slain by a warg (12 damage)
             ... in the Dungeon (Sprint VII: "The Pits").
             The game lasted 00:00:35 (102 turns).

rocky1 the Trooper (Ogre Gladiator)                  Turns: 102, Time: 00:00:36

Health: -3/32      AC:  3    Str: 17    XL:     2   Next: 45%
Magic:  2/2        EV: 10    Int:  9    God:    Gozag
Gold:   234        SH:  0    Dex: 10    Spells: 1/1 levels left

rFire   . . .        a - +0 flail
rCold   . . .        (no shield)
rNeg    . . .        b - +0 robe
rPois   .            c - +0 hat
rElec   .            (no cloak)
rCorr   .            (gloves unavailable)
SInv    .            (boots unavailable)
Will    .....        (no amulet)
Stlth   +            (no ring)
HPRegen 0.25/turn    (no ring)
MPRegen 0.08/turn

%: no teleportation
@: gold aura
A: large, unfitting armour, tough skin 1
a: Renounce Religion, Potion Petition, Call Merchant, Bribe Branch


You were in the Dungeon.
You worshipped Gozag.
Gozag was aware of your devotion.
You visited 1 branch You collected 234 gold pieces.

Inventory:

Hand Weapons
 a - a +0 flail (weapon)
Missiles
 d - 3 throwing nets (quivered)
 e - a large rock
Armour
 b - a +0 robe (worn)
 c - a +0 hat (worn)
Scrolls
 k - a scroll of blinking
 m - 2 scrolls of vulnerability
 n - 5 scrolls of amnesia
 o - a scroll of butterflies
Potions
 f - a potion of curing
 g - a potion of heal wounds
 h - a potion of haste
 i - 4 potions of magic
 j - 3 potions of berserk rage
 l - 2 potions of invisibility


   Skills:
 * Level 3.8 Fighting
 * Level 3.8 Maces & Flails
 - Level 2.2 Throwing
 * Level 0.3 Armour
 + Level 3.7 Dodging


You had one spell level left.
You didn't know any spells.
Your spell library was empty.

Dungeon Overview and Level Annotations

Branches:
Dungeon (1/1)

Altars:
Ashenzari
Cheibriados
Dithmenos
Elyvilon
Fedhas
Gozag
Hepliaklqana
Kikubaaqudgha
Makhleb
Nemelex Xobeh
Okawaru
Qazlal
Ru
Sif Muna
Trog
Uskayaw
Vehumet
Wu Jian
Xom
Yredelemnul
Zin
The Shining One
Jiyva
Lugonu


Innate Abilities, Weirdness & Mutations

You are too large for most types of armour.
You have tough skin. (AC +1)


Message History

You kill the jackal!
You barely miss the goblin. The goblin barely misses you.
The goblin closely misses you.
You hit the goblin.
You kill the goblin!
No target in view!
You now have 162 gold pieces (gained 36).
There is an open door here.
You now have 234 gold pieces (gained 72).
You see here a +0 club.
You open the door.
An orc and a kobold come into view.
The kobold shouts!
The kobold is distracted by your dazzling golden aura.
A ball python skeleton comes into view.
A warg comes into view.
The warg howls!
The warg is distracted by your dazzling golden aura.
There is an open door here.
You sock the orc!
You kill the orc!
The kobold is no longer distracted by gold.
The warg is no longer distracted by gold.
The kobold throws a stone.
The stone hits you.
There is an open door here.
Things that are here:
45 gold pieces; a +0 dagger The kobold throws a stone.
The stone hits you but does no damage.
You closely miss the warg. The warg closely misses you.
You closely miss the warg. The warg barely misses you. The warg bites you.
You barely miss the warg. The warg bites you.
You hit the warg.
The warg is lightly wounded.
The warg bites you. The warg bites you!
* * * LOW HITPOINT WARNING * * *
You barely miss the warg.
The warg is lightly wounded.
The warg bites you!
You die...
Your body crumbles into a pile of gold.

##########'##...........
#..(.')))'.##......#..#.
##########.##...........
#...........'...........
#+#####'#####......#..#.
#.)...##...........
#####'#####'#####++
#...).##.......#
#..@..##.......#
###h####.......#
#..K..##...<...#
..h..Z..##.......#
#........##.......#
###########.......#
#########


You could see a warg, a kobold and a ball python skeleton.

Vanquished Creatures
  An ufetubus (D)
  2 orcs (D)
  An endoplasm (D)
  2 jackals (D)
  A goblin (D)
7 creatures vanquished.

Notes
Turn   | Place    | Note
-------+----------+-------------------------------------------
     0 | D        | rocky1 the Ogre Gladiator began the quest for the Orb.
     0 | D        | Reached XP level 1. HP: 22/22 MP: 1/1
    24 | D        | Found a bloodstained altar of Trog.
    24 | D        | Found a shimmering blue altar of Sif Muna.
    24 | D        | Found a viscous altar of Jiyva.
    24 | D        | Found a hazy altar of Hepliaklqana.
    24 | D        | Found an opulent altar of Gozag.
    25 | D        | Found a glowing golden altar of the Shining One.
    25 | D        | Found a glowing silver altar of Zin.
    25 | D        | Found a basalt altar of Yredelemnul.
    25 | D        | Found a shimmering altar of Xom.
    25 | D        | Found an ornate altar of the Wu Jian Council.
    25 | D        | Found a sacrificial altar of Ru.
    25 | D        | Found a stormy altar of Qazlal.
    25 | D        | Found an iron altar of Okawaru.
    25 | D        | Found a sparkling altar of Nemelex Xobeh.
    25 | D        | Found a burning altar of Makhleb.
    25 | D        | Found a blossoming altar of Fedhas.
    25 | D        | Found a white marble altar of Elyvilon.
    25 | D        | Found a shadowy altar of Dithmenos.
    25 | D        | Found a snail-covered altar of Cheibriados.
    28 | D        | Found a corrupted altar of Lugonu.
    28 | D        | Found a radiant altar of Vehumet.
    29 | D        | Found an ancient bone altar of Kikubaaqudgha.
    29 | D        | Found a hide-covered altar of Uskayaw.
    29 | D        | Found a broken altar of Ashenzari.
    32 | D        | Became a worshipper of Gozag Ym Sagoz the Greedy
    67 | D        | Reached XP level 2. HP: 31/31 MP: 2/2
    91 | D        | Noticed a warg
   102 | D        | Slain by a warg

Illustrated notes

Levels and vault maps discovered:
D:        pitsprint [storerooms_1, entrance_room_1, metal_vault_1, armoury_1,
          mini_pit_1, grid_room_1, main_hall_1, silver_pit, the_coven_3,
          the_vestibule_1, steel_vault_2, golden_pit, hallway_of_sentries,
          crystal_vault_2, iron_vault_4, final_vault]

Skill      XL: |  1 |
---------------+----+-----
Fighting       | 3 |  3.8
Maces & Flails | 3 |  3.8
Dodging        | 3 |  3.7
Throwing       | |  2.2
Armour         | |  0.3

Action                     || total
---------------------------++-------
  Melee: Flail             ||    15
   Stab: Sleeping          ||     1
 Armour: Robe              ||    13
  Dodge: Dodged            ||    11

Table legend: (Time is in decaauts)
 A = Elapsed time spent in this place.
 B = Non-inter-level travel time spent in this place.
 C = Inter-level travel time spent in this place.
 D = Time resting spent in this place.
 E = Time spent auto-exploring this place.
 F = Levels seen in this place.
 G = Mean time per level.
                   A        B        C        D        E       F      G
               +--------+--------+--------+--------+--------+-----+--------+
         Total |    105 |    105 |      0 |      0 |      0 |   1 |  105.0 |
       Dungeon |    105 |    105 |      0 |      0 |      0 |   1 |  105.0 |
               +--------+--------+--------+--------+--------+-----+--------+

Top non-repeatable levels by time:
       D: 105 daAuts
